 Dungeon Crawl Stone Soup version 0.29.0-4-gdea44cf6ec (webtiles) character file.

Game seed: 9786677605836792336

182 qw the Chopper (level 5, -3/30 HPs)
             Began as a Tengu Warper on Aug 28, 2022.
             Slain by a gnoll
             ... wielding a +0 halberd
             ... led by a gnoll bouda
              (8 damage)
             ... on level 4 of the Dungeon.
             The game lasted 00:00:20 (4193 turns).

qw the Chopper (Tengu Warper)                       Turns: 4193, Time: 00:00:21

Health: -3/30      AC: 10    Str: 14    XL:     5   Next: 62%
Magic:  9/9        EV:  7    Int: 13    God:
Gold:   150        SH:  0    Dex: 11    Spells: 8/8 levels left

rFire   . . .      SeeInvis .   Y - +1 hand axe
rCold   . . .      Faith    .   (no shield)
rNeg    . . .      Spirit   .   d - +0 chain mail
rPois   .          Reflect  .   (helmet restricted)
rElec   .          Harm     .   (no cloak)
rCorr   .          Rampage  .   (no gloves)
Will    .....                   (boots unavailable)
Stlth   ..........              (no amulet)
HPRegen 0.10/turn               (no ring)
MPRegen 0.11/turn               (no ring)

@: flying quickly and evasively, quick
A: beak, talons 3, nimble flight, iridescent scales 1, clumsy 1
a: no special abilities


You were on level 4 of the Dungeon.
You visited 1 branch of the dungeon, and saw 4 of its levels.

You collected 150 gold pieces.


Innate Abilities, Weirdness & Mutations

You have a beak for a mouth.
You have claws for feet.
Your magical nature lets you fly swiftly and evasively.
You are partially covered in iridescent scales. (AC +2)
You are clumsy. (Dex -2)


   Skills:
 - Level 2.0 Fighting
 - Level 6.2 Axes
 - Level 1.0 Throwing
 + Level 1.1 Armour
 - Level 2.1 Dodging
 - Level 2.0 Spellcasting
 - Level 2.4 Translocations


You had 8 spell levels left.
You didn't know any spells.
Your spell library contained the following spells:

 Spells                   Type           Power      Damage    Failure   Level
 Blink                    Tloc           14%        N/A       99%         2
 Gell's Gravitas          Tloc           7%         N/A       100%        3
 Lesser Beckoning         Tloc           7%         N/A       100%        3
 Teleport Other           Tloc           7%         N/A       100%        3
 Manifold Assault         Tloc           7%         N/A       100%        5

Inventory:

Hand Weapons
 f - a +0 flail
 Y - a +1 hand axe (weapon)
Missiles
 a - a boomerang (quivered)
Armour
 d - a +0 chain mail (worn)
Scrolls
 l - a scroll of teleportation
Potions
 b - a potion of brilliance {unknown}
 c - a potion of lignification {unknown}
 e - a potion of heal wounds {unknown}
 g - a potion of curing
 h - a potion of degeneration {unknown}
 i - a potion of mutation
 j - a potion of might {unknown}

Dungeon Overview and Level Annotations

Branches:
Dungeon (4/15)
 Temple: D:4-7

Altars:

Shops:
D:1 *


Message History

The gnoll hits you but does no damage.
You hit the gnoll bouda. Your kick misses the gnoll bouda.
Your peck misses the gnoll bouda.
The gnoll bouda is lightly wounded.
The gnoll bouda hits you with a +0 whip.
The gnoll hits you from afar with a +0 halberd.
You hit the gnoll bouda. You claw the gnoll bouda.
Your peck misses the gnoll bouda.
The gnoll bouda is heavily wounded.
The gnoll bouda hits you but does no damage.
The gnoll barely misses you.
You hit the gnoll bouda. Your kick misses the gnoll bouda.
You peck the gnoll bouda, but do no damage.
The gnoll bouda is severely wounded.
The gnoll bouda barely misses you. The gnoll barely misses you.
You barely miss the gnoll bouda.
You peck the gnoll bouda, but do no damage.
The gnoll bouda is severely wounded.
The gnoll bouda hits you with a +0 whip.
The gnoll completely misses you.
You closely miss the gnoll bouda.
The gnoll bouda is severely wounded.
The gnoll bouda hits you but does no damage.
The gnoll hits you from afar with a +0 halberd.
You hit the gnoll bouda.
The gnoll bouda is almost dead.
The gnoll bouda hits you with a +0 whip.
The gnoll barely misses you.
You barely miss the gnoll bouda.
You claw the gnoll bouda, but do no damage.
The gnoll bouda is almost dead.
The gnoll bouda prays to its god.
The gnoll bouda is healed somewhat.
The gnoll hits you from afar with a +0 halberd.
You hit the gnoll bouda but do no damage.
Your peck misses the gnoll bouda.
The gnoll bouda is heavily wounded.
The gnoll bouda hits you with a +0 whip!
The gnoll hits you from afar with a +0 halberd!
You die...

#. #. #.. #..
####..# .....gg
### ### .....gg###
####.###.## #@.###
#.........#
##...###.........#
###..#..........#
##...........##
#)..##......#
#...########.##
#...# ##.# #...#
#.. #...## ##.


You could see a gnoll bouda and 3 gnolls.

Vanquished Creatures
  2 orc priests
  5 adders
  3 dart slugs
  5 orcs (D:3)
  7 bats
  11 endoplasms
  2 giant cockroaches
  2 goblins
  7 hobgoblins
  6 kobolds
  2 quokkas
  6 ball pythons
  4 frilled lizards
  5 rats
67 creatures vanquished.

Notes
Turn   | Place    | Note
-------+----------+-------------------------------------------
     0 | D:1      | qw the Tengu Warper began the quest for the Orb.
     0 | D:1      | Reached XP level 1. HP: 12/12 MP: 4/4
     0 | D:1      | 0 ||| qw: Version: 0.1-a-89-g26bdef1
     0 | D:1      | 0 ||| qw: Game counter: 1815
     0 | D:1      | 0 ||| qw: Always use a shield: true
     0 | D:1      | 0 ||| qw: God list: Okawaru
     0 | D:1      | 0 ||| qw: Allow faded altars: false
     0 | D:1      | 0 ||| qw: Do Orc after D:15 true
     0 | D:1      | 0 ||| qw: Do second Lair branch before Depths: true
     0 | D:1      | 0 ||| qw: Lair rune preference: random
     0 | D:1      | 0 ||| qw: Plans: Normal
     0 | D:1      | 0 ||| PLANNING D:1-11
    34 | D:1      | Found Norac's Assorted Antiques.
    49 | D:1      | 49 ||| SHOPLISTING embroidered scarf (192 gold, have 6).
    49 | D:1      | 49 ||| SHOPLISTING glowing tourmaline ring (120 gold, have
                  | 6).
    49 | D:1      | 49 ||| SHOPLISTING murky grey potion (21 gold, have 6).
    49 | D:1      | 49 ||| SHOPLISTING scroll labelled ACLAMEHITO (24 gold,
                  | have 6).
    49 | D:1      | 49 ||| SHOPLISTING scroll labelled YQOSKOL VUREA (24 gold,
                  | have 6).
    96 | D:1      | Reached XP level 2. HP: 14/17 MP: 6/6
    98 | D:1      | Reached skill level 3 in Axes
   298 | D:1      | 298 ||| Stepping ~*~*~tactically~*~*~ (stealth).
   299 | D:1      | 299 ||| Stepping ~*~*~tactically~*~*~ (stealth).
   300 | D:1      | 300 ||| Stepping ~*~*~tactically~*~*~ (stealth).
   310 | D:1      | 310 ||| Stepping ~*~*~tactically~*~*~ (stealth).
   311 | D:1      | 311 ||| Stepping ~*~*~tactically~*~*~ (stealth).
   859 | D:1      | Reached XP level 3. HP: 21/21 MP: 7/7
  1147 | D:1      | 1147 ||| UPGRADING to +0 chain mail.
  1157 | D:1      | 1157 ||| DROPPING +0 leather armour.
  1158 | D:1      | 1158 ||| READING scroll labelled NOUHOIDWUO.
  1159 | D:1      | 1159 ||| READING scroll labelled ASHYLOUZXITT.
  1281 | D:1      | 1281 ||| READING scroll labelled ACLAMEHITO.
  1282 | D:1      | 1282 ||| DROPPING scroll of blinking.
  1348 | D:2      | 1348 ||| STAIRDANCE
  1351 | D:1      | Reached skill level 4 in Axes
  1462 | D:2      | 1462 ||| Stepping ~*~*~tactically~*~*~ (stealth).
  1565 | D:2      | 1565 ||| Stepping ~*~*~tactically~*~*~ (stealth).
  1604 | D:2      | 1604 ||| DROPPING +0 club.
  1724 | D:2      | Found a faded altar of an unknown god.
  1791 | D:2      | 1791 ||| Stepping ~*~*~tactically~*~*~ (hiding).
  1792 | D:2      | 1792 ||| Stepping ~*~*~tactically~*~*~ (hiding).
  1799 | D:2      | 1799 ||| FLEEEEING.
  1800 | D:2      | 1800 ||| FLEEEEING.
  1801 | D:2      | 1801 ||| FLEEEEING.
  1802 | D:2      | 1802 ||| FLEEEEING.
  1803 | D:2      | 1803 ||| FLEEEEING.
  1804 | D:2      | 1804 ||| FLEEEEING.
  1805 | D:2      | 1805 ||| FLEEEEING.
  1806 | D:2      | 1806 ||| FLEEEEING.
  1807 | D:2      | 1807 ||| FLEEEEING.
  1808 | D:2      | 1808 ||| FLEEEEING.
  1809 | D:2      | 1809 ||| FLEEEEING.
  1810 | D:2      | 1810 ||| FLEEEEING.
  1811 | D:2      | 1811 ||| FLEEEEING.
  1812 | D:2      | 1812 ||| FLEEEEING.
  1813 | D:2      | 1813 ||| FLEEEEING.
  1814 | D:2      | 1814 ||| FLEEEEING.
  1815 | D:2      | 1815 ||| FLEEEEING.
  1816 | D:2      | 1816 ||| FLEEEEING.
  1817 | D:2      | 1817 ||| FLEEEEING.
  1818 | D:2      | 1818 ||| FLEEEEING.
  1819 | D:2      | 1819 ||| FLEEEEING.
  1820 | D:2      | 1820 ||| FLEEEEING.
  1821 | D:2      | 1821 ||| FLEEEEING.
  1822 | D:2      | 1822 ||| FLEEEEING.
  1823 | D:2      | 1823 ||| FLEEEEING.
  1824 | D:2      | 1824 ||| FLEEEEING.
  1825 | D:2      | 1825 ||| FLEEEEING.
  1826 | D:2      | 1826 ||| STAIRDANCE
  1873 | D:1      | 1873 ||| READING 2 scrolls labelled COMABR ULOBLENG.
  1874 | D:1      | 1874 ||| DRINKING 2 murky grey potions.
  1875 | D:1      | 1875 ||| DRINKING 3 pink potions.
  1976 | D:1      | 1976 ||| DROPPING scroll of vulnerability.
  1977 | D:1      | 1977 ||| DROPPING 2 potions of ambrosia.
  1986 | D:2      | Reached XP level 4. HP: 22/26 MP: 8/8
  1986 | D:2      | 1986 ||| STAIRDANCE
  2038 | D:2      | 2038 ||| Stepping ~*~*~tactically~*~*~ (stealth).
  2578 | D:2      | 2578 ||| READING scroll labelled DYTZIPS VIBLOMUHA.
  2672 | D:3      | 2672 ||| Stepping ~*~*~tactically~*~*~ (hiding).
  2683 | D:3      | HP: 5/26 [orc/+0 hand axe (2)]
  2942 | D:3      | 2942 ||| DROPPING +0 whip.
  3042 | D:3      | 3042 ||| Stepping ~*~*~tactically~*~*~ (hiding).
  3044 | D:3      | 3044 ||| Stepping ~*~*~tactically~*~*~ (hiding).
  3060 | D:3      | Reached skill level 5 in Axes
  3784 | D:3      | Gained mutation: Your magical nature lets you fly swiftly
                  | and evasively. [Tengu growth]
  3784 | D:3      | Reached XP level 5. HP: 20/30 MP: 9/9
  4079 | D:3      | 4079 ||| READING scroll labelled ESABREIQOI.
  4080 | D:3      | 4080 ||| READING scroll labelled WOGGYU APHI.
  4081 | D:3      | 4081 ||| DRINKING 2 sedimented orange potions.
  4081 | D:3      | Gained mutation: You are clumsy. (Dex -2) [potion of
                  | mutation]
  4081 | D:3      | Gained mutation: You are partially covered in iridescent
                  | scales. (AC +2) [potion of mutation]
  4103 | D:4      | 4103 ||| STAIRDANCE
  4116 | D:4      | 4116 ||| STAIRDANCE
  4139 | D:4      | Reached skill level 6 in Axes
  4193 | D:4      | HP: 5/30 [gnoll bouda/+0 whip (8)]
  4193 | D:4      | Slain by a gnoll

Levels and vault maps discovered:
D:1:      sevenhm_arrival_forest_fort_large_2, layout_basic, serial_shops, shop
D:2:      layout_loops_cross, shapermc_ecumenical_altar_flowoftime,
          minmay_indecisive_spiral
D:3:      layout_loops_corners, mrwooster_statue_mirror, grunt_ministairs_2,
          nicolae_eternal_life
D:4:      layout_cave_pods, grunt_decor_resistance, minmay_fire_ice_demons

Skill      XL: |  1  2  3  4  5 |
---------------+----------------+-----
Axes           | 3 4 5 6 |  6.2
Fighting       | |  2.0
Throwing       | |  1.0
Armour         | |  1.1
Dodging        | |  2.1
Spellcasting   | |  2.0
Translocations | |  2.4

Action                   |  1- 3 |  4- 6 || total
-------------------------+-------+-------++-------
Melee: Hand axe          |    76 |    73 ||   149
       Peck              |     9 |     9 ||    18
       Kick              |    16 |    13 ||    29
Throw: Boomerang         |    23 |    21 ||    44
  Use: Scroll            |     4 |     3 ||     7
       Potion            |     2 |     1 ||     3
Armor: Leather armour    |     4 |       ||     4
       Chain mail        |    24 |    37 ||    61
Dodge: Dodged            |    30 |    19 ||    49

Table legend:
 A = Non-vault XP
 B = Vault XP
 C = Vault XP percentage of total XP
 D = Non-vault monster count
 E = Vault monster count
 F = Vault count percentage of total count
                 A         B        C        D         E       F
            +---------+---------+-------+---------+---------+-------
      Total |     226 |      35 |  13.4 |      61 |       6 |   9.0
            +---------+---------+-------+---------+---------+-------
        D:1 |      46 |       0 |   0.0 |      24 |       0 |   0.0
        D:2 |      29 |      18 |  38.3 |      18 |       4 |  18.2
        D:3 |     108 |      17 |  13.6 |      16 |       2 |  11.1
        D:4 |      43 |       0 |   0.0 |       3 |       0 |   0.0
            +---------+---------+-------+---------+---------+-------
